 Dungeon Crawl Stone Soup version 0.30-a0-358-g0d69a1922f (webtiles) character file.

Game seed: 5399564488102918893

6 flotson the Sneak (level 1, -1/18 HPs)
             Began as a Demonspawn Delver on Nov 10, 2022.
             Slain by a hobgoblin (2 damage)
             ... on level 4 of the Dungeon.
             The game lasted 00:01:17 (387 turns).

flotson the Sneak (Demonspawn Delver)                Turns: 387, Time: 00:01:18

Health: -1/18      AC:  4    Str: 12    XL:     1   Next: 75%
Magic:  1/1        EV: 11    Int: 11    God:
Gold:   0          SH:  0    Dex: 14    Spells: 0/0 levels left

rFire   . . .      SeeInvis .    a - +0 hand axe
rCold   . . .      Faith    .    (no shield)
rNeg    . . .      Spirit   .    b - +0 leather armour
rPois   .          Reflect  .    (no helmet)
rElec   .          Harm     .    (no cloak)
rCorr   .          Rampage  .    (no gloves)
Will    .....                    h - +0 pair of boots
Stlth   ++........               (no amulet)
HPRegen 0.23/turn                (no ring)
MPRegen 0.07/turn                (no ring)

@: lethally poisoned (-1 -> -6), hasted, very quick
A: no striking features
a: no special abilities


You were on level 4 of the Dungeon.
You visited 1 branch of the dungeon, and saw 2 of its levels.

Inventory:

Hand Weapons
 a - a +0 hand axe (weapon)
Missiles
 i - 2 boomerangs (quivered)
Armour
 b - a +0 leather armour (worn)
 h - a +0 pair of boots (worn)
Wands
 g - a wand of digging (3)
Scrolls
 c - a scroll of fog
 e - a scroll of fear


   Skills:
 + Level 3.1 Fighting
 - Level 1.7 Axes
 + Level 0.0 Throwing
 + Level 0.3 Armour
 + Level 1.9 Dodging
 - Level 4.5 Stealth
 + Level 0.4 Evocations


You couldn't memorise any spells.
You didn't know any spells.
Your spell library was empty.

Dungeon Overview and Level Annotations

Branches:
Dungeon (5/15)
 Temple: D:4-7

Altars:

Annotations:
D:5 Dowan, Duvessa


Message History

Found a scale mail.
There is a stone staircase leading down here.
A scorpion comes into view.
There is a stone staircase leading down here.
You feel yourself speed up. The scorpion stings you.
A hobgoblin comes into view.
The hobgoblin shouts!
You barely miss the hobgoblin. The hobgoblin hits you.
You hit the hobgoblin.
The hobgoblin is almost dead.
You hit the scorpion. The scorpion closely misses you.
The hobgoblin closely misses you.
You closely miss the hobgoblin.
The hobgoblin is almost dead.
You hit the scorpion but do no damage.
The scorpion stings you but does no damage.
You completely miss the hobgoblin.
The hobgoblin is almost dead.
You hit the scorpion but do no damage. The scorpion stings you.
You are poisoned.
The scorpion poisons you! The hobgoblin hits you.
* * * LOW HITPOINT WARNING * * *
Unknown command.
You hit the hobgoblin but do no damage.
The hobgoblin is almost dead.
You closely miss the scorpion.
* * * LOW HITPOINT WARNING * * *
You feel sick.
The scorpion stings you but does no damage.
The hobgoblin hits you.
* * * LOW HITPOINT WARNING * * *
You aren't carrying any potions.
You hit the hobgoblin but do no damage.
The hobgoblin is almost dead.
You hit the scorpion.
* * * LOW HITPOINT WARNING * * *
You feel sick.
The scorpion stings you but does no damage.
The hobgoblin hits you.
You die...

### #########.#
......g@sB#
.########.# #.#
# #.# .. #.#
#..#######.####
..........>...#
#..........##.#
#..........# #


You could see a scorpion, a giant cockroach and a hobgoblin.

Vanquished Creatures
  3 orcs (D:5)
3 creatures vanquished.

Notes
Turn   | Place    | Note
-------+----------+-------------------------------------------
     0 | D:5      | flotson the Demonspawn Delver began the quest for the Orb.
     0 | D:5      | Reached XP level 1. HP: 18/18 MP: 1/1
   114 | D:5      | Noticed a hound
   114 | D:5      | Noticed a necrophage
   205 | D:5      | Noticed an iguana
   282 | D:5      | Noticed an iguana
   309 | D:5      | Noticed a jelly
   362 | D:5      | Noticed Dowan
   364 | D:5      | Noticed Duvessa
   368 | D:4      | Noticed a scorpion
   387 | D:4      | Slain by a hobgoblin

Illustrated notes

Levels and vault maps discovered:
D:4:      lemuel_castle_with_subvaults [lemuel_castle_interior_carwin_3],
          layout_basic, lemuel_crystal_altar, minmay_temple_entry_wispy,
          st_stairs_10
D:5:      kennysheep_steamy, layout_loops_corners,
          mainiacjoe_overflow_tiny_flanked, wad_rectangle_vault, uniq_duvessa,
          uniq_eustachio, uniq_edmund

Action                   || total
-------------------------++-------
Melee: Hand axe          ||    18
  Use: Scroll            ||     1
       Potion            ||     1
Armor: Leather armour    ||     5
Dodge: Dodged            ||     7

Table legend: (Time is in decaauts)
 A = Elapsed time spent in this place.
 B = Non-inter-level travel time spent in this place.
 C = Inter-level travel time spent in this place.
 D = Time resting spent in this place.
 E = Time spent auto-exploring this place.
 F = Levels seen in this place.
 G = Mean time per level.
                   A        B        C        D        E       F      G
               +--------+--------+--------+--------+--------+-----+--------+
         Total |    387 |    387 |      0 |      0 |    219 |   2 |  193.5 |
       Dungeon |    387 |    387 |      0 |      0 |    219 |   2 |  193.5 |
               +--------+--------+--------+--------+--------+-----+--------+

Top non-repeatable levels by time:
     D:5: 369 daAuts
     D:4: 17 daAuts
